AoeStats
← Tavis

Lombardia

508870163Analyzed
3v3 RM · 7d ago on Sep 24, 2026· 51m 8s· 6 players
Game mode
Random Map
Map size
Normal (6 player)
Population
200
Speed
Normal
Resources
Standard
Victory
Conquest
Starting age
Dark Age
Ending age
Imperial Age
RankedLock teamsTeams togetherTeam positionsShared explorationLock speedFull tech treeHidden civsTurbo modeCheats
Victory
Defeat
🇯🇵 Japanese · Japan
863
+17
🇺🇸 Spanish · United States
814
+19
🇷🇴 Persians · Romania
812
+19
🇨🇳 Danes · China
913
-21
🇨🇳 Saxons · China
908
-19
🇨🇳 Varangians · China
796
-15
CALPDLeon
11:47 Feudal Age
12:36 Double-Bit Axe
12:33 Horse Collar
19:35 Castle Age
21:31 Bow Saw
24:20 Heavy Plow
24:59 Gold Mining
25:02 Stone Mining
27:45 Wheelbarrow
32:40 Imperial Age
29:57 Town Watch
33:22 Stone Shaft Mining
33:44 Conscription
33:34 Town Patrol
33:51 Hand Cart
36:22 Husbandry
36:51 Bloodlines
37:23 Ballistics
38:05 Chemistry
37:19 Scale Barding Armor
37:15 Padded Archer Armor
37:06 Fletching
37:07 Loom
39:06 Elite Conquistador
heat7770
0:32 Loom
10:27 Feudal Age
11:51 Wheelbarrow
11:36 Double-Bit Axe
11:42 Horse Collar
14:21 Gold Mining
14:25 Stone Mining
20:41 Castle Age
21:33 Heavy Plow
21:51 Bow Saw
22:21 Gold Shaft Mining
22:28 Hand Cart
22:38 Arson
22:54 Squires
22:58 Scale Mail Armor
23:08 Forging
24:58 Chain Mail Armor
25:18 Iron Casting
26:31 Iron Casting
31:01 Imperial Age
31:21 Caravan
33:12 Two-Man Saw
34:01 Plate Mail Armor
34:32 Blast Furnace
34:54 Elite Samurai
ak47 LuKYaN
0:47 Loom
12:34 Feudal Age
13:47 Wheelbarrow
12:56 Horse Collar
13:06 Double-Bit Axe
17:31 Gold Mining
17:31 Stone Mining
25:15 Castle Age
24:47 Forging
24:37 Scale Mail Armor
25:57 Hand Cart
25:48 Heavy Plow
26:28 Stone Shaft Mining
26:28 Gold Shaft Mining
26:08 Bow Saw
27:56 Gold Shaft Mining
29:59 Caravan
33:47 Imperial Age
33:44 Town Watch
37:35 Two-Man Saw
37:10 Crop Rotation
37:24 Iron Casting
37:04 Chain Mail Armor
38:01 Town Patrol
37:25 Elite War Elephant
46:50 Plate Mail Armor
48:16 Citadels
Tavis
2:03 Loom
11:01 Feudal Age
15:22 Castle Age
19:10 Stone Mining
23:47 Double-Bit Axe
26:35 Gambesons
27:17 Squires
27:43 Arson
28:01 Horse Collar
29:02 Caravan
33:37 Scale Barding Armor
33:33 Scale Mail Armor
33:43 Forging
33:24 Fletching
35:31 Vendel Legacy
36:56 Heavy Plow
45:33 Gold Mining
46:18 Stone Shaft Mining
46:05 Chain Mail Armor
47:20 Bloodlines
47:12 Husbandry
49:44 Bow Saw
52:41 Imperial Age
50:42 Chain Barding Armor
50:58 Iron Casting
50:25 Padded Archer Armor
Sting839
0:27 Loom
11:18 Feudal Age
14:56 Castle Age
13:37 Horse Collar
13:46 Double-Bit Axe
20:54 Wheelbarrow
23:16 Heavy Plow
23:47 Bow Saw
25:26 Hand Cart
25:38 Town Watch
30:40 Imperial Age
28:48 Gold Mining
28:55 Stone Mining
29:07 Treadmill Crane
29:26 Murder Holes
29:42 Fortified Wall
30:03 Squires
29:48 Arson
29:24 Pikeman
30:54 Gold Shaft Mining
31:09 Scale Mail Armor
31:19 Forging
31:26 Masonry
31:49 Town Patrol
31:17 Elite Hearth Troop
33:27 Two-Man Saw
33:10 Crop Rotation
32:06 Shield Wall
33:07 Halberdier
34:11 Chain Mail Armor
34:31 Iron Casting
34:13 Elite Varangian Guard
34:49 Gambesons
36:14 Plate Mail Armor
36:06 Fletching
37:19 Chemistry
36:39 Ballistics
36:48 Caravan
38:04 Conscription
40:57 Bodkin Arrow
Lazy_Mann
5:37 Loom
11:47 Feudal Age
15:43 Castle Age
14:04 Double-Bit Axe
16:38 Bow Saw
21:12 Bow Saw
20:45 Horse Collar
26:20 Wheelbarrow
26:17 Gold Mining
26:35 Arson
28:43 Hand Cart
32:02 Imperial Age
30:47 Arson
31:44 Hand Cart
31:39 Heavy Plow
32:16 Gold Shaft Mining
31:31 Stone Mining
32:07 Forging
31:57 Scale Mail Armor
32:34 Elite Varangian Guard
34:43 Conscription
33:44 Elite Jomsviking
35:53 Iron Casting
35:33 Chain Mail Armor
35:57 Squires
35:48 Gambesons
38:08 Blast Furnace
41:15 Northmen's Fury
41:16 Hamask
43:40 Plate Mail Armor
43:15 Onager
44:48 Stone Shaft Mining
49:47 Fletching
49:57 Padded Archer Armor
49:20 Cranequins
50:11 Heavy Mounted Crossbowman
50:57 Thumb Ring
Connection lost

Rejoining the realm…

Still unreachable

The connection could not be restored.

Session expired

The server has moved on; the page needs a fresh start.